 Dungeon Crawl Stone Soup version 0.23-a0-435-g79ed067 (webtiles) character file.

148 galech the Covered (level 5, -10/41 HPs)
             Began as a Demonspawn Fighter on Nov 15, 2018.
             Killed by nerve-wracking pain
             ... invoked by an orc priest
              (13 damage)
             ... on level 3 of the Dungeon.
             The game lasted 00:02:24 (1938 turns).

galech the Covered (Demonspawn Fighter)             Turns: 1938, Time: 00:02:25

Health: -10/41     AC: 11    Str: 17    XL:     5   Next: 8%
Magic:  5/5        EV:  7    Int:  7    God:
Gold:   146        SH:  9    Dex: 15    Spells: 4/4 levels left

rFire    . . .     SeeInvis .   a - +0 war axe
rCold    . . .     Gourm    .   c - +0 shield
rNeg     . . .     Faith    .   b - +0 scale mail
rPois    .         Spirit   .   (no helmet)
rElec    .         Reflect  .   (no cloak)
rCorr    .         Harm     .   (no gloves)
MR       .....                  m - +0 pair of boots
Stlth    +.........             (no amulet)
HPRegen  0.13/turn              h - -2 ring of intelligence (curse)
MPRegen  0.09/turn              l - +3 ring of protection

@: lethally poisoned (-10 -> -15)
A: thin skeletal structure 1
a: no special abilities


You were on level 3 of the Dungeon.
You were not hungry.

You visited 1 branch of the dungeon, and saw 3 of its levels.

You collected 146 gold pieces.

Inventory:

Hand Weapons
 a - a +0 war axe (weapon)
Armour
 b - a +0 scale mail (worn)
 c - a +0 shield (worn)
 m - a +0 pair of boots (worn)
Jewellery
 d - an uncursed ring of protection from magic
 h - a cursed -2 ring of intelligence (left hand)
 l - a +3 ring of protection (right hand)
Scrolls
 e - a scroll of magic mapping
 i - a scroll of identify
 j - a scroll of remove curse
 k - a scroll of teleportation
Comestibles
 f - 3 rations
 g - 2 chunks of flesh


   Skills:
 + Level 3.2 Fighting
 + Level 3.2 Axes
 + Level 3.4 Armour
 + Level 1.4 Dodging
 + Level 0.1 Stealth
 + Level 3.3 Shields


You had 4 spell levels left.
You didn't know any spells.
Your spell library was empty.

Dungeon Overview and Level Annotations

Branches:
Dungeon (3/15)

Altars:


Innate Abilities, Weirdness & Mutations

You have a somewhat thin skeletal structure. (Dex +2, Stealth)


Message History

You hit the orc priest.
The orc priest is moderately wounded.
You feel sick.
An adder comes into view.
The orc priest hits you but does no damage.
Your shield and scale mail prevent you from hitting the orc priest.
The orc priest is moderately wounded.
You feel sick.
The orc priest mumbles some strange prayers to Beogh against you.
Pain shoots through your body!
* * * LOW HITPOINT WARNING * * *
An ice beast comes into view.
The orc priest looks encouraged for a moment.
You completely miss the orc priest.
The orc priest is moderately wounded.
* * * LOW HITPOINT WARNING * * *
You feel sick.
The orc priest invokes the aid of Beogh against you.
Pain shoots through your body!
You die...

### ## #......# ...
.######......# .[..
......#......# .....
..###.#......######...Y.
#.#.#.#......##......<..
#.....#......##..o.....#
#.#<..#......##.@..S...#
................)...>#.#
.....##......##.##.....#
......+......##.# .#####
#######......#... # #
#......#..## ###'####..#
#.# #..# #.# #..#


You could see an ice beast, an orc priest and an adder.

Vanquished Creatures
  Terence (D:3)
  6 adders
  An ooze (D:1)
  A worm (D:2)
  A dart slug (D:1)
  A leopard gecko (D:2)
  An orc (D:3)
  5 bats
  A giant cockroach (D:2)
  12 goblins
  7 hobgoblins
  5 jackals
  2 frilled lizards
  4 kobolds
  9 rats
57 creatures vanquished.

Notes
Turn   | Place    | Note
-------+----------+-------------------------------------------
     0 | D:1      | galech the Demonspawn Fighter began the quest for the Orb.
     0 | D:1      | Reached XP level 1. HP: 18/18 MP: 1/1
    59 | D:1      | Gained mutation: You have a somewhat thin skeletal
                  | structure. (Dex +2, Stealth) [demonic ancestry]
    59 | D:1      | Reached XP level 2. HP: 18/24 MP: 2/2
   526 | D:1      | Reached XP level 3. HP: 29/29 MP: 3/3
   976 | D:2      | Reached skill level 1 in Dodging
  1019 | D:2      | Reached XP level 4. HP: 31/35 MP: 4/4
  1466 | D:2      | Found a faded altar of an unknown god.
  1683 | D:3      | Noticed Terence
  1698 | D:3      | Killed Terence
  1698 | D:3      | Reached XP level 5. HP: 29/41 MP: 5/5
  1937 | D:3      | Noticed an ice beast
  1938 | D:3      | Killed from afar by an orc priest

Vault maps used:
D:1:      mrwooster_arrival_statue_3
D:2:      chequers_ecumenical_altar_simple, st_stairs_7
D:3:      first_ration, uniq_terence

Skill      XL: |  1  2  3  4 |
---------------+-------------+-----
Axes           | 2 3 |  3.2
Shields        | 3 |  3.3
Armour         | 3 |  3.4
Dodging        | 1 |  1.4
Fighting       | |  3.2
Stealth        | |  0.1

Action                   |  1- 3 |  4- 6 || total
-------------------------+-------+-------++-------
Melee: War axe           |   108 |    83 ||   191
  Use: Potion            |     1 |       ||     1
       Scroll            |       |     3 ||     3
  Eat: Chunk             |     1 |     3 ||     4
Armor: Scale mail        |    58 |    39 ||    97
Dodge: Dodged            |    38 |    28 ||    66
Block: Shield            |    66 |    36 ||   102

Table legend:
 A = Non-vault XP
 B = Vault XP
 C = Vault XP percentage of total XP
 D = Non-vault monster count
 E = Vault monster count
 F = Vault count percentage of total count
                 A         B        C        D         E       F
            +---------+---------+-------+---------+---------+-------
      Total |     174 |      38 |  17.9 |      55 |       2 |   3.5
            +---------+---------+-------+---------+---------+-------
        D:1 |      46 |       0 |   0.0 |      23 |       0 |   0.0
        D:2 |     100 |       2 |   2.0 |      23 |       1 |   4.2
        D:3 |      28 |      36 |  56.2 |       9 |       1 |  10.0
            +---------+---------+-------+---------+---------+-------
